 Dungeon Crawl Stone Soup version 0.31-a0-246-g8cbcc1cb85 (webtiles) character file.

Game seed: 9173752555204764105

219 LeprechaunX the Changeling (level 5, -7/36 HPs)
             Began as an Octopode Shapeshifter on July 12, 2023.
             Mangled by Terence
             ... wielding a +0 flail of holy wrath
              (13 damage)
             ... on level 3 of the Dungeon.
             The game lasted 00:02:49 (1693 turns).

LeprechaunX the Changeling (Octopode Shapeshifter)  Turns: 1693, Time: 00:02:50

Health: -7/36      AC:  1    Str: 15    XL:     5   Next: 96%
Magic:  5/5        EV: 14    Int: 10    God:
Gold:   96         SH:  0    Dex: 20    Spells: 4/4 levels left

rFire   . .          .
                       - Unarmed
rCold   . . .        (no shield)
rNeg    . . .        (helmet currently unavailable)
rPois   .            (no amulet)
rElec   .            c - +6 ring of dexterity
rCorr   .            (no ring)
SInv    .            (no ring)
Will    .....        (no ring)
Stlth   +++          (no ring)
HPRegen 0.26/turn    (no ring)
MPRegen 0.09/turn    (no ring)
                     (no ring)

%: no passive effects
@: beast-form
A: beast (slay +3), almost no armour, amphibious, 8 rings, camouflage 1,
gelatinous body 1, (nimble swimmer 1), tentacles
a: no special abilities


You were on level 3 of the Dungeon.
You were a hulking beast.
You visited 1 branch of the dungeon, and saw 3 of its levels.

You collected 96 gold pieces.

Inventory:

Jewellery
 c - a +6 ring of dexterity (left tentacle)
Talismans
 b - a beast talisman
 i - a granite talisman
Scrolls
 d - 3 scrolls of identify {unknown}
 e - 3 scrolls of enchant armour {unknown}
 g - a scroll of poison {unknown}
 h - a scroll of immolation {unknown}
Potions
 a - 2 potions of lignification
 f - a potion of enlightenment {unknown}
 j - 2 potions of heal wounds {unknown}


   Skills:
 + Level 3.2 Fighting
 - Level 2.4 Dodging
 + Level 3.6 Unarmed Combat
 * Level 4.3 Shapeshifting


You had 4 spell levels left.
You didn't know any spells.
Your spell library contained the following spells:

 Spells                   Type           Power      Damage    Failure   Level
 Passage of Golubria      Tloc           0%         N/A       98%         4
 Silence                  Hex/Air        0%         N/A       100%        5
 Lehudib's Crystal Spear  Conj/Erth      0%         10d2      100%        8


Dungeon Overview and Level Annotations

Branches:
Dungeon (3/15)

Altars:

Annotations:
D:3 Terence


Innate Abilities, Weirdness & Mutations

You are a hulking beast.
Your limbs bulge with bestial killing power. (Slay +3)
You cannot wear most types of armour.
You are amphibious.
You can wear up to eight rings at the same time.
Your skin changes colour to match your surroundings (Stealth+).
Your rubbery body absorbs attacks. (AC +1, EV +1)
((You are camouflaged when in or above water. (Stealth+)))
You have tentacles for arms and can constrict up to eight enemies at once.


Message History

You constrict Terence, but do no damage.
Terence misses you.
You tentacle-slap Terence.
Terence is lightly wounded.
You constrict Terence, but do no damage.
Terence misses you.
You tentacle-slap Terence but do no damage.
Terence is lightly wounded.
You constrict Terence.
Terence hits you with a +0 flail of holy wrath!
You tentacle-slap Terence.
Terence is heavily wounded.
You constrict Terence. The kobold misses you.
Terence hits you with a +0 flail of holy wrath!
You are too injured to fight recklessly!
You are too injured to fight recklessly!
You are too injured to fight recklessly!
You are too injured to fight recklessly!
You are too injured to fight recklessly!
You are too injured to fight recklessly!
You are too injured to fight recklessly!
You are too injured to fight recklessly!
You are too injured to fight recklessly!
You are too injured to fight recklessly!
You are too injured to fight recklessly!
You are too injured to fight recklessly!
You are too injured to fight recklessly!
You are too injured to fight recklessly!
You barely miss the kobold. You grab the kobold. You constrict Terence.
You constrict the kobold.
Terence hits you with a +0 flail of holy wrath!
* * * LOW HITPOINT WARNING * * *
The kobold closely misses you.
You release your grip on Terence.
You release your grip on the kobold.
Terence attacks as you move away! Terence closely misses you.
You tentacle-slap Terence. You grab Terence.
Terence is almost dead.
You constrict Terence.
Terence hits you with a +0 flail of holy wrath!
You die...

##.#..[.....##
............#
##.#.#..###)# ....#..#
#.# #.#.#..###.###
#.............
###.#..###.###
.#..########.#..###.#.#
........K@h.........#.#
.#.......###)#..#####.#
....####..##.#..# #.#
##. ##.##.#..# #.#
..#.#..#####.#####
#.#.#............#
.#.########.##.## ...#
#.##.# )># #.##.#


You could see Terence and a kobold.

Vanquished Creatures
  Sigmund (D:3)
  An adder (D:2)
  4 worms (D:2)
  A bat (D:2)
  3 endoplasms
  2 giant cockroaches (D:1)
  4 goblins
  5 hobgoblins
  3 jackals (D:2)
  A quokka (D:1)
  9 ball pythons
  A frilled lizard (D:1)
  2 kobolds
  4 rats
41 creatures vanquished.

Notes
Turn   | Place    | Note
-------+----------+-------------------------------------------
     0 | D:1      | LeprechaunX the Octopode Shapeshifter began the quest for
                  | the Orb.
     0 | D:1      | Reached XP level 1. HP: 14/14 MP: 1/1
   215 | D:1      | Reached XP level 2. HP: 19/19 MP: 2/2
   910 | D:2      | Reached XP level 3. HP: 24/24 MP: 3/3
  1331 | D:2      | Reached XP level 4. HP: 28/30 MP: 4/4
  1553 | D:3      | Noticed Sigmund
  1567 | D:3      | Killed Sigmund
  1568 | D:3      | Reached skill level 4 in Shapeshifting
  1568 | D:3      | Reached XP level 5. HP: 36/36 MP: 5/5
  1680 | D:3      | Noticed Terence
  1693 | D:3      | Mangled by Terence

Illustrated notes

Levels and vault maps discovered:
D:1:      wander_arrival_lonely_grave, layout_basic,
          minmay_misc_feat_nine_boxes, st_stairs_14
D:2:      layout_basic
D:3:      layout_basic, uniq_terence, uniq_robin, uniq_sigmund

Skill      XL: |  1  2  3  4 |
---------------+-------------+-----
Fighting       | 3 |  3.2
Unarmed Combat | 3 |  3.6
Shapeshifting  | 4 |  4.3
Dodging        | |  2.4

Action                     |  1- 3 |  4- 6 || total
---------------------------+-------+-------++-------
  Melee: Unarmed           |    59 |    18 ||    77
         Constrict         |    19 |     5 ||    24
         Tentacles         |     9 |     3 ||    12
         Punch             |     3 |       ||     3
   Stab: Sleeping          |     8 |     2 ||    10
 Armour: Skin              |     4 |       ||     4
  Dodge: Dodged            |    26 |     9 ||    35

Table legend: (Time is in decaauts)
 A = Elapsed time spent in this place.
 B = Non-inter-level travel time spent in this place.
 C = Inter-level travel time spent in this place.
 D = Time resting spent in this place.
 E = Time spent auto-exploring this place.
 F = Levels seen in this place.
 G = Mean time per level.
                   A        B        C        D        E       F      G
               +--------+--------+--------+--------+--------+-----+--------+
         Total |   1688 |   1618 |     70 |      0 |   1364 |   3 |  562.7 |
       Dungeon |   1688 |   1618 |     70 |      0 |   1364 |   3 |  562.7 |
               +--------+--------+--------+--------+--------+-----+--------+

Top non-repeatable levels by time:
     D:1: 860 daAuts
     D:2: 689 daAuts
     D:3: 138 daAuts
